 Dungeon Crawl Stone Soup version 0.21.1-1-g345015fe64 (webtiles) character file.

105 KamiKatze the Skirmisher (level 4, -4/49 HPs)
             Began as an Ogre Fighter on Feb 23, 2018.
             Was an Initiate of Okawaru.
             Slain by an ogre
             ... wielding a +0 giant club
              (19 damage)
             ... on level 4 of the Dungeon.
             The game lasted 00:08:24 (2376 turns).

KamiKatze the Skirmisher (Ogre Fighter)             Turns: 2376, Time: 00:08:25

Health: -4/49      AC:  4    Str: 26    XL:     4   Next: 81%
Magic:  4/4        EV:  8    Int:  9    God:    Okawaru [......]
Gold:   140        SH:  9    Dex:  8    Spells: 3/3 levels left

rFire    . . .     SeeInvis .   a - +0 war axe
rCold    . . .     Gourm    .   c - +0 shield
rNeg     . . .     Faith    .   h - +0 robe
rPois    .         Spirit   .   (helmet restricted)
rElec    .         Reflect  .   e - +0 cloak
rCorr    .         Harm     .   (gloves unavailable)
MR       .....                  (boots unavailable)
Stlth    +.........             (no amulet)
HPRegen  0.16/turn              (no ring)
MPRegen  0.09/turn              (no ring)

@: mighty
A: large, unfitting armour, tough skin 1
a: Renounce Religion


You were on level 4 of the Dungeon.
You worshipped Okawaru.
Okawaru was noncommittal.
You were not hungry.

You visited 1 branch of the dungeon, and saw 4 of its levels.

You collected 140 gold pieces.

Inventory:

Hand Weapons
 a - a +0 war axe (weapon)
 b - a +0 hand axe
 r - a +0 mace of protection
Missiles
 g - 3 large rocks
 m - 153 stones (quivered)
Armour
 c - a +0 shield (worn)
 e - a +0 cloak (worn)
 h - a +0 robe (worn)
Scrolls
 l - a scroll of remove curse
Potions
 i - a potion of curing
 j - a potion of heal wounds
 k - a potion of flight {unknown}
 s - a potion of cancellation {unknown}
Comestibles
 f - 3 rations


   Skills:
 + Level 4.8 Fighting
 * Level 3.3 Axes
 + Level 3.2 Dodging
 + Level 3.2 Shields


You had 3 spell levels left.
You didn't know any spells.

Dungeon Overview and Level Annotations

Branches:
Dungeon (4/15)
 Temple: D:4-7

Altars:
Okawaru


Innate Abilities, Weirdness & Mutations

You are too large for most types of armour.
You have tough skin. (AC +1)


Message History

Okay, then.
An ogre comes into view. It is wielding a giant club.
The ogre shouts!
The ogre hits you with a giant club!
You barely miss the ogre. The ogre completely misses you.
You hit the ogre.
The ogre is lightly wounded.
The ogre hits you with a giant club.
You slash the ogre!
The ogre is heavily wounded.
The ogre hits you with a giant club!
You are too injured to fight recklessly!
You are too injured to fight recklessly!
You hear the slow rusting of a distant drain.
You feel very mighty all of a sudden. The ogre hits you with a giant club!
You slash the ogre!
The ogre is severely wounded.
The ogre hits you with a giant club!!
You die...

### ############.##
#.@O..........#
#<##########.##
######################.##
#.......................#
#.............##########
#.............#
#.............#
#.............#
#.#############


You could see an ogre.

Vanquished Creatures
  Robin (D:3)
  2 adders (D:3)
  2 oozes (D:1)
  A worm (D:3)
  A dart slug (D:1)
  2 leopard geckos
  6 bats
  4 giant cockroaches
  11 goblins
  10 hobgoblins
  6 frilled lizards
  8 kobolds
  5 rats
59 creatures vanquished.

Notes
Turn   | Place    | Note
-------+----------+-------------------------------------------
     0 | D:1      | KamiKatze the Ogre Fighter began the quest for the Orb.
     0 | D:1      | Reached XP level 1. HP: 24/24 MP: 1/1
    12 | D:1      | Noticed an electric eel
    61 | D:1      | Reached XP level 2. HP: 26/32 MP: 2/2
   309 | D:1      | Reached XP level 3. HP: 29/40 MP: 3/3
  1351 | D:3      | Found an iron altar of Okawaru.
  1361 | D:3      | Became a worshipper of Warmaster Okawaru
  1484 | D:3      | Reached XP level 4. HP: 43/49 MP: 4/4
  1522 | D:3      | Found a faded altar of an unknown god.
  1853 | D:3      | Noticed Robin
  1878 | D:3      | Killed Robin
  2335 | D:4      | Noticed an ogre
  2376 | D:4      | Slain by an ogre

Skill      XL: |  1  2  3 |
---------------+----------+-----
Dodging        | 3 |  3.2
Shields        | 3 |  3.2
Axes           | 3 |  3.3
Fighting       | |  4.8

Action                   |  1- 3 |  4- 6 || total
-------------------------+-------+-------++-------
Melee: War axe           |    83 |    34 ||   117
       Hand axe          |    46 |    22 ||    68
Throw: Stone             |       |     5 ||     5
  Use: Scroll            |     7 |     1 ||     8
       Potion            |     1 |     1 ||     2
  Eat: Chunk             |     2 |     3 ||     5
Armor: Robe              |    34 |    18 ||    52
Dodge: Dodged            |    38 |    26 ||    64
Block: Shield            |    64 |    19 ||    83
